 Dungeon Crawl Stone Soup version 0.23-a0-4-g8f018a2 (webtiles) character file.

41 prawnwizard the Slasher (level 3, -1/28 HPs)
             Began as a Demonspawn Gladiator on July 31, 2018.
             Slain by Crazy Yiuf
             ... wielding a +4 quarterstaff of chaos
              (11 damage)
             ... on level 2 of the Dungeon.
             The game lasted 00:01:31 (1331 turns).

prawnwizard the Slasher (Demonspawn Gladiator)      Turns: 1331, Time: 00:01:32

Health: -1/28      AC:  9    Str: 15    XL:     3   Next: 32%
Magic:  3/3        EV: 12    Int:  9    God:
Gold:   124        SH:  0    Dex: 14    Spells: 2/2 levels left

rFire    + . .     SeeInvis +   a - +0 long sword
rCold    . . .     Gourm    .   (no shield)
rNeg     . . .     Faith    .   s - +0 ring mail
rPois    .         Spirit   .   c - +0 helmet
rElec    .         Reflect  .   (no cloak)
rCorr    .         Harm     .   p - +0 pair of gloves
MR       .....                  (no boots)
Stlth    +.........             (no amulet)
HPRegen  0.09/turn              h - ring of see invisible
MPRegen  0.08/turn              l - ring of protection from fire

@: no status effects
A: talons 1, molten scales 1
a: no special abilities


You were on level 2 of the Dungeon.
You were not hungry.

You visited 1 branch of the dungeon, and saw 2 of its levels.

You collected 124 gold pieces.

Inventory:

Hand Weapons
 a - a +0 long sword (weapon)
Missiles
 d - 3 throwing nets (quivered)
Armour
 c - a +0 helmet (worn)
 p - a +0 pair of gloves (worn)
 s - a +0 ring mail (worn)
Jewellery
 h - a ring of see invisible (left hand)
 l - a ring of protection from fire (right hand)
Scrolls
 b - a scroll of amnesia {unknown}
 g - a scroll of enchant armour {unknown}
 i - 2 scrolls of magic mapping {unknown}
 m - 2 scrolls of identify {unknown}
 n - a scroll of teleportation {unknown}
 r - 2 scrolls of remove curse {unknown}
Potions
 e - 2 potions of degeneration {unknown}
 j - 2 potions of heal wounds {unknown}
 k - a potion of brilliance {unknown}
 o - a potion of invisibility {unknown}
 q - a potion of cancellation {unknown}
Comestibles
 f - 3 rations


   Skills:
 + Level 2.5 Fighting
 * Level 3.4 Long Blades
 - Level 1.7 Throwing
 + Level 3.0 Dodging


You had 2 spell levels left.
You didn't know any spells.
Your spell library was empty.

Dungeon Overview and Level Annotations

Branches:
Dungeon (2/15)

Altars:
Ashenzari

Annotations:
D:2 Crazy Yiuf


Innate Abilities, Weirdness & Mutations

You have sharp toenails.
You are partially covered in molten scales. (AC +2)


Message History

No target in view!
No target in view!
No target in view!
You open the door.
Crazy Yiuf the Enlightened comes into view.
He is wielding a quarterstaff of chaos.
Crazy Yiuf shouts!
Crazy Yiuf says, "Tosser eyeball bush!"
Found a mace.
There is an open door here.
You hit Crazy Yiuf. Your kick misses Crazy Yiuf.
Crazy Yiuf is lightly wounded.
Crazy Yiuf hits you with a quarterstaff of chaos!
You are electrocuted!
You hit Crazy Yiuf. You claw Crazy Yiuf.
Crazy Yiuf is heavily wounded.
Crazy Yiuf hits you but does no damage.
You slash Crazy Yiuf!
Crazy Yiuf is almost dead.
Crazy Yiuf hits you with a quarterstaff of chaos!
You die...

♣♣♣♣♣### ####
♣♣♣.♣.P#.##
#...#♣..♣......##
#..g@.♣♣♣♣.P....#
#)..#♣♣ ♣♣.#...#
#### ♣♣###.# #..#
#.##
#######.######
#...>.........
##.###..######
#.# #..#


You could see Crazy Yiuf.

Vanquished Creatures
  2 adders (D:2)
  A worm (D:2)
  A leopard gecko (D:1)
  A giant cockroach (D:1)
  A goblin (D:1)
  5 hobgoblins (D:1)
  A quokka (D:2)
  A frilled lizard (D:2)
  A kobold (D:2)
  7 rats
21 creatures vanquished.

Notes
Turn   | Place    | Note
-------+----------+-------------------------------------------
     0 | D:1      | prawnwizard the Demonspawn Gladiator began the quest for the Orb.
     0 | D:1      | Reached XP level 1. HP: 16/16 MP: 1/1
     2 | D:1      | Noticed a formicid
     2 | D:1      | Noticed a demonspawn
     4 | D:1      | Noticed a draconian
     4 | D:1      | Noticed a minotaur
     6 | D:1      | Noticed a demigod
     6 | D:1      | Noticed a spriggan
     8 | D:1      | Noticed a ghoul
     8 | D:1      | Noticed a centaur
    10 | D:1      | Noticed a vampire
    10 | D:1      | Noticed an ogre
    13 | D:1      | Noticed a felid
    13 | D:1      | Noticed a human
    15 | D:1      | Noticed a halfling
    17 | D:1      | Noticed a tengu
    17 | D:1      | Noticed a vine stalker
    19 | D:1      | Noticed an elf
    23 | D:1      | Noticed an octopode
    23 | D:1      | Noticed a troll
    25 | D:1      | Noticed a merfolk
    25 | D:1      | Noticed a dwarf
    27 | D:1      | Noticed a naga
    27 | D:1      | Noticed a gargoyle
    56 | D:1      | Found a shattered altar of Ashenzari.
   118 | D:1      | Gained mutation: You are partially covered in molten scales. (AC +2) [demonic ancestry]
   118 | D:1      | Reached XP level 2. HP: 22/22 MP: 2/2
  1012 | D:2      | Gained mutation: You have sharp toenails. [demonic ancestry]
  1012 | D:2      | Reached XP level 3. HP: 13/28 MP: 3/3
  1275 | D:2      | Found a runed door.
  1327 | D:2      | Noticed Crazy Yiuf
  1331 | D:2      | Slain by Crazy Yiuf

Vault maps used:
D:1:      kb_arrival_jail, nicolae_ashenzari_panopticon
D:2:      kennysheep_generic_room_4, uniq_crazy_yiuf_cottage

Skill      XL: |  1  2 |
---------------+-------+-----
Long Blades    | 3 |  3.4
Dodging        | 3 |  3.0
Fighting       | |  2.5
Throwing       | |  1.7

Action                   || total
-------------------------++-------
Melee: Long sword        ||    54
       Kick              ||     4
 Stab: Sleeping          ||     1
  Eat: Chunk             ||     1
Armor: Leather armour    ||     4
       Ring mail         ||    12
Dodge: Dodged            ||    28
       Rpst.: Long sword ||     6

Table legend:
 A = Spawn XP
 B = Non-spawn XP
 C = Spawn XP percentage of total XP
 D = Spawn monster count
 E = Non-spawn monster count
 F = Spawn count percentage of total count
 G = Total turns spent on level
                    A         B        C        D         E        F      G
               +---------+---------+-------+---------+---------+-------+---------
         Total |       0 |      59 |   0.0 |       0 |      21 |   0.0 |  1331
               +---------+---------+-------+---------+---------+-------+---------
           D:1 |       0 |      23 |   0.0 |       0 |      14 |   0.0 |   697
           D:2 |       0 |      36 |   0.0 |       0 |       7 |   0.0 |   634
               +---------+---------+-------+---------+---------+-------+---------
